cohdb
Replays
Latest Replays
All Replays
Popular Replays
Top Player Replays
Match Explorer
How It Works
Community
CoH3 Stats
Reddit
Sign in to upload your games and track your stats! →
Sign in with Steam
Match 38395718
Unlisted
Match 38395718
Overview
Messages
Build Orders
End
Kradschützen Motorcycle Team
250 Light Carrier
Selects Armored Support Battlegroup
Panzergrenadier Squad
Panzergrenadier Squad
Construct Light Support Kompanie
Selects Superior Fire Drills
Construct Mechanized Kompanie
Panzerjäger Squad
Assault Mechanized Group
Support Armor Elements
StuG III D Assault Gun
StuG III D Assault Gun
2.5-tonne Medical Truck
Selects Salvage Kits
Panzerjäger Mechanized Group
StuG III D Assault Gun
Selects Panzer Storm
StuG III D Assault Gun
Selects Stuka Anti-tank Loiter
deadsadbadmad
Alessandro-9891
mariopl97
Cpt Darling
0
0
Comments
sign in to comment!
No comments posted yet!